 Dungeon Crawl Stone Soup version 0.28.0-49-g6dfe1f597d (webtiles) character file.

Game seed: 11944541324248430707

73 Atelerd the Digger (level 4, -2/27 HPs)
             Began as an Octopode Earth Elementalist on May 12, 2022.
             Slain by a goblin
             ... wielding a +0 club
              (5 damage)
             ... on level 2 of the Dungeon.
             The game lasted 00:01:57 (2769 turns).

Atelerd the Digger (Octopode Earth Elementalist)    Turns: 2769, Time: 00:01:57

Health: -2/27      AC:  1    Str:  7    XL:     4   Next: 27%
Magic:  7/8        EV: 13    Int: 19    God:
Gold:   94         SH:  0    Dex: 12    Spells: 8/9 levels left

rFire   . . .      SeeInvis .   e - +0 dagger
rCold   . . .      Faith    .   (no shield)
rNeg    . . .      Spirit   .   (helmet restricted)
rPois   .          Reflect  .   (no amulet)
rElec   .          Harm     .   (no ring)
rCorr   .          Rampage  .   (no ring)
Will    .....                   (no ring)
Stlth   +++.......              (no ring)
HPRegen 0.09/turn               (no ring)
MPRegen 0.11/turn               (no ring)
                                (no ring)
                                (no ring)

@: no status effects
A: almost no armour, amphibious, 8 rings, camouflage 1, gelatinous body 1,
(nimble swimmer 1), tentacles
a: no special abilities


You were on level 2 of the Dungeon.
You visited 1 branch of the dungeon, and saw 2 of its levels.

You collected 94 gold pieces.

Inventory:

Hand Weapons
 e - a +0 dagger (weapon)
Missiles
 b - 6 stones
Wands
 h - a wand of charming (8)
Scrolls
 a - 2 scrolls of identify {unknown}
 d - a scroll of teleportation
 f - a scroll of immolation {unknown}
 i - a scroll of noise {unknown}
 j - a scroll of silence {unknown}
Potions
 c - 3 potions of curing
 g - a potion of berserk rage {unknown}


   Skills:
 + Level 0.3 Fighting
 + Level 0.3 Short Blades
 - Level 2.0 Dodging
 - Level 2.6 Stealth
 + Level 0.3 Unarmed Combat
 + Level 3.0 Spellcasting
 + Level 1.0 Transmutations
 + Level 4.0 Earth Magic


You had 8 spell levels left.
You knew the following spells:

 Your Spells              Type           Power      Damage    Failure   Level
a - Sandblast             Erth           36%        2d10      2%          1

Your spell library contained the following spells:

 Spells                   Type           Power      Damage    Failure   Level
 Passwall                 Tmut/Erth      10%        N/A       9%          2
 Stone Arrow              Conj/Erth      20%        3d8       21%         3
 Ozocubu's Armour         Ice            2%         N/A       41%         3
 Petrify                  Tmut/Erth      12%        N/A       47%         4
 Metabolic Englaciation   Hex/Ice        1%         N/A       99%         5
 Simulacrum               Ice/Necr       1%         N/A       100%        6


Dungeon Overview and Level Annotations

Branches:
Dungeon (2/15)

Altars:
Fedhas


Innate Abilities, Weirdness & Mutations

You cannot wear most types of armour.
You are amphibious.
You can wear up to eight rings at the same time.
Your skin changes colour to match your surroundings (Stealth+).
Your rubbery body absorbs attacks. (AC +1, EV +1)
((You are camouflaged when in or above water. (Stealth+)))
You have tentacles for arms and can constrict up to eight enemies at once.


Message History

Key pressed, stopping explore.
No target in view!
Found 4 poisoned darts.
Things that are here:
a +0 club; a goblin corpse No target in view!
You see here 4 poisoned darts.
A hobgoblin comes into view.
There are monsters nearby!
Found an escape hatch in the floor.
There are monsters nearby!
The gnoll barely misses you.
There are monsters nearby!
The goblin shouts!
You hit the gnoll. Your grab misses the gnoll.
The gnoll is lightly wounded.
The hobgoblin shouts!
The gnoll closely misses you.
There are monsters nearby!
You hit the gnoll but do no damage. You grab the gnoll.
The gnoll is lightly wounded.
You constrict the gnoll, but do no damage.
The gnoll hits you with a +0 halberd!
There are monsters nearby!
You hit the gnoll. You squeeze the gnoll!
The gnoll is severely wounded.
You constrict the gnoll. The gnoll hits you with a +0 halberd!
Ouch! That really hurt!
* * * LOW HITPOINT WARNING * * *
There are monsters nearby!
You are too injured to fight recklessly!
Casting: Sandblast (safe; 2% risk of failure)
Confirm with . or Enter, or press ? or * to list all spells.
Aiming: Sandblast (safe; 2% risk of failure)
Press: ? - help, Shift-Dir - straight line, f - gnoll
Aim: a gnoll, wielding a +0 halberd (severely wounded, constricted by you, 100% to hit)
The blast of sand hits the gnoll!
You kill the gnoll!
The goblin hits you with a +0 club.
You die...

...# .### #. ....... .#
#. ....... .# .♣ ♣.
....... .# ♣.P ♣ .
....... .♣ ♣..
♣..#.....># .♣♣♣
P♣.♣♣♣.♣........ .P!♣♣♣
.....♣♣)$.g.....
.♣♣♣♣.♣♣♣♣♣♣...♣@......#
.♣.♣♣♣.♣.♣...P♣..g#.....
..♣...♣...♣.............
♣P♣♣♣...♣♣♣♣♣.#..##.#...
§♣♣♣..♣♣..♣...##.# ...
.§♣♣♣♣..P..♣.♣##.# #..
♣♣......♣...P.♣#.# #..
♣.♣.......♣...♣..# .#..
.♣♣♣♣♣♣÷.♣..♣♣.♣÷###.#.#


You could see a hobgoblin and a goblin.

Vanquished Creatures
  An adder (D:2)
  2 gnolls (D:2)
  A worm (D:2)
  8 endoplasms
  4 goblins
  4 hobgoblins
  8 quokkas
  4 ball pythons
  7 bats
  2 frilled lizards
  4 kobolds
  3 rats
48 creatures vanquished.

Vanquished Creatures (others)
  57 plants (D:2)
57 creatures vanquished.

Grand Total: 105 creatures vanquished

Notes
Turn   | Place    | Note
-------+----------+-------------------------------------------
     0 | D:1      | Atelerd the Octopode Earth Elementalist began the quest for
                  | the Orb.
     0 | D:1      | Reached XP level 1. HP: 11/11 MP: 3/3
   339 | D:1      | Reached XP level 2. HP: 9/17 MP: 0/5
   997 | D:1      | Found a faded altar of an unknown god.
  1173 | D:1      | Reached XP level 3. HP: 21/21 MP: 6/6
  2077 | D:2      | Found a blossoming altar of Fedhas.
  2381 | D:2      | Reached XP level 4. HP: 27/27 MP: 3/8
  2446 | D:2      | Reached skill level 4 in Earth Magic
  2769 | D:2      | Slain by a goblin

Illustrated notes

Levels and vault maps discovered:
D:1:      lemuel_arrival_muddy, layout_loops_corners,
          hellmonk_ecumenical_altar_slurped_away
D:2:      wad_woods_stonehenge, layout_basic, minmay_strange_pillars

Skill      XL: |  1  2  3  4 |
---------------+-------------+-----
Earth Magic    | 4 |  4.0
Spellcasting   | 3 |  3.0
Fighting       | |  0.3
Short Blades   | |  0.3
Dodging        | |  2.0
Stealth        | |  2.6
Unarmed Combat | |  0.3
Transmutations | |  1.0

Action                   |  1- 3 |  4- 6 || total
-------------------------+-------+-------++-------
Melee: Unarmed           |     3 |       ||     3
       Dagger            |    33 |     8 ||    41
       Constrict         |     9 |     3 ||    12
       Tentacles         |     8 |     2 ||    10
       Punch             |     1 |       ||     1
 Cast: Sandblast         |    47 |     4 ||    51
  Use: Potion            |     2 |       ||     2
       Scroll            |     1 |       ||     1
 Stab: Sleeping          |     6 |     2 ||     8
Armor: Skin              |     5 |       ||     5
Dodge: Dodged            |    39 |     4 ||    43
